 Dungeon Crawl Stone Soup version 0.32-a0-39-g5c88369fb2 (webtiles) character file.

Game seed: 579595096865352903

1215 hakon861 the Caller (level 8, -1/41 HPs)
             Began as a Deep Elf Necromancer on Jan 29, 2024.
             Was a Plaything of Xom.
             Slain by Vontreibholz's ghost (11 damage)
             ... on level 6 of the Dungeon.
             The game lasted 01:03:27 (6236 turns).

hakon861 the Caller (Deep Elf Necromancer)          Turns: 6236, Time: 01:03:27

Health: -1/41      AC:  3    Str:  5    XL:     8   Next: 22%
Magic:  17/20      EV: 17    Int: 29    God:    Xom [....*.]
Gold:   195        SH:  0    Dex: 15    Spells: 7/21 levels left

rFire   + . .        b - +3 spear
rCold   . . .        (no shield)
rNeg    . . .        a - +0 robe
rPois   .            (no helmet)
rElec   .            (no cloak)
rCorr   .            (no gloves)
SInv    .            t - +0 pair of boots
Will    .....        (no amulet)
Stlth   ++           g - +5 ring of evasion
HPRegen 0.26/turn    f - +6 ring of intelligence
MPRegen 0.17/turn

%: no passive effects
@: no status effects
A: fire resistance 1, screaming 1
a: Renounce Religion


You were on level 6 of the Dungeon.
You worshipped Xom.
You were a beloved toy of Xom.
You visited 1 branch of the dungeon, and saw 6 of its levels.

You collected 195 gold pieces.

Inventory:

Hand Weapons
 b - a +3 spear (weapon)
 c - a +0 falchion
 h - a +1 dagger
Armour
 a - a +0 robe (worn)
 s - the +1 ring mail of the Sun {rPois}
   (You found it on level 5 of the Dungeon)

   rPois:     It protects you from poison
 t - a +0 pair of boots (worn)
Jewellery
 f - a +6 ring of intelligence (right hand)
 g - a +5 ring of evasion (left hand)
 j - a ring of flight
 o - an amulet of the acrobat
 q - a +6 ring of strength
 u - an amulet of faith
Wands
 n - a wand of iceblast (5) (quivered)
 p - a wand of acid (5)
Scrolls
 d - 2 scrolls of immolation
 e - 3 scrolls of identify
 k - a scroll of revelation {unknown}
 m - a scroll of vulnerability {unknown}
 r - a scroll of fear {unknown}
Potions
 i - 3 potions of heal wounds
 l - a potion of ambrosia {unknown}
 v - a potion of curing


   Skills:
 - Level 2.4 Dodging
 - Level 2.4 Stealth
 - Level 7.1 Spellcasting
 - Level 0.5 Conjurations
 * Level 7.8 Summonings
 * Level 7.1 Necromancy
 - Level 0.1 Evocations


You had 7 spell levels left.
You knew the following spells:

 Your Spells              Type           Power      Damage    Failure   Level
a - Necrotise             Necr           100%       1d9       1%          1
b - Sublimation of Blood  Necr           51%        N/A       1%          2
c - Call Imp              Summ           100%       N/A       1%          2
d - Vampiric Draining     Necr           51%        2d9       1%          3
e - Animate Dead          Necr           51%        N/A       2%          4
f - Searing Ray           Conj           26%        2d5       6%          2

Your spell library contained the following spells:

 Spells                   Type           Power      Damage    Failure   Level
 Call Canine Familiar     Summ           54%        N/A       1%          3
 Apportation              Tloc           20%        N/A       4%          1
 Magic Dart               Conj           52%        1d5       4%          1
 Slow                     Hex            40%        N/A       4%          1
 Jinxbite                 Hex            20%        N/A       8%          2
 Curse of Agony           Necr           51%        N/A       8%          5
 Confusing Touch          Hex            10%        N/A       16%         3
 Sigil of Binding         Hex            10%        N/A       16%         3
 Fulminant Prism          Conj/Alch      5%         3d7       41%         4
 Dimensional Bullseye     Hex/Tloc       5%         N/A       45%         4
 Alistair's Intoxication  Alch           6%         N/A       80%         5
 Summon Hydra             Summ           27%        N/A       86%         7


Dungeon Overview and Level Annotations

Branches:
Dungeon (6/15)             Temple (0/1) D:4

Altars:
Fedhas
Makhleb
Xom

Shops:
D:1 :   D:5 ?

Annotations:
D:6 Vontreibholz's ghost, novice MiFi


Innate Abilities, Weirdness & Mutations

Your flesh is heat resistant. (rF+)
You occasionally shout uncontrollably at your foes.


Message History

Press: ? - help, Q - select action, (/) - cycle Shift-Dir - straight line, f/p - bullfrog
Aim: a bullfrog (severely wounded, not watching you, ally target, chance to affect: 83%)
The bullfrog writhes in agony.
The bullfrog misses you.
Your hound zombie bites the bullfrog.
Your cerulean imp hits the bullfrog with a +1 spear.
The bullfrog dies!
Your hound zombie bites Vontreibholz's ghost but does no damage.
Your Necromancy skill increases to level 7!
Your hound zombie bites Vontreibholz's ghost but does no damage.
Aiming: Necrotise (safe; 1% risk of failure)
Press: ? - help, Q - select action, (/) - cycle Shift-Dir - straight line, f - you
Okay, then.
Your hound zombie bites Vontreibholz's ghost but does no damage.
Your cerulean imp hits Vontreibholz's ghost but does no damage.
Vontreibholz's ghost attacks as it pursues you!
Vontreibholz's ghost hits you! Space warps horribly around you!
* * * LOW HITPOINT WARNING * * *
Xom rains down devastation!
The fireball engulfs Vontreibholz's ghost.
The fireball engulfs your hound zombie!
Your hound zombie is destroyed!
Vontreibholz's ghost turns its malevolent gaze towards you.
Aiming: Necrotise (safe; 1% risk of failure)
Press: ? - help, Q - select action, (/) - cycle Shift-Dir - straight line, f - you
Okay, then.
You hit Vontreibholz's ghost.
Vontreibholz's ghost is lightly damaged.
Your cerulean imp hits Vontreibholz's ghost but does no damage.
Vontreibholz's ghost barely misses you.
Aiming: Iceblast
Press: ? - help, Q - select action, (/) - cycle Shift-Dir - straight line The mass of ice explodes!
The iceblast engulfs Vontreibholz's ghost.
Vontreibholz's ghost partially resists.
Vontreibholz's ghost is moderately damaged.
You hear a croak.
Your cerulean imp hits Vontreibholz's ghost but does no damage.
Vontreibholz's ghost hits you!
You die...
Xom thinks this is hilarious!

####### #.....#
#.....# ##.....#
+.....@+ ..
##....W#####....
#............#
#######5###..#
#......<...
###†######.#.
###ZZ5.......
#...#'#..####
#...#~#......


You could see Vontreibholz's ghost (ally target) and a friendly cerulean imp
(summoned).

Vanquished Creatures
  An ice beast (D:4)
  A sky beast (D:6)
  An ogre (D:5)
  A bullfrog (D:6)
  2 scorpions (D:5)
  An orc priest (D:3)
  3 hounds
  A bombardier beetle (D:5)
  2 iguanas
  2 orc wizards (D:3)
  6 gnolls (D:4)
  7 adders
  A dart slug (D:2)
  A ribbon worm (D:3)
  5 orcs
  8 ball pythons
  3 endoplasms
  3 giant cockroaches
  4 goblins
  2 hobgoblins
  A jackal (D:2)
  5 kobolds
  A quokka (D:4)
  2 bats
  2 frilled lizards (D:1)
  An orc zombie (D:5)
  4 rats
71 creatures vanquished.

Vanquished Creatures (collateral kills)
  A black bear (D:4)
  A bullfrog (D:6)
  A scorpion (D:5)
  A bombardier beetle (D:5)
  A jelly (D:5)
  2 gnolls (D:4)
  3 adders
  2 ufetubi (D:5)
  A dart slug (D:4)
  2 orcs
  A bat (D:2)
  2 goblins (D:4)
  2 hobgoblins
  2 jackals (D:2)
  A kobold (D:3)
  2 ball pythons
  2 rats
27 creatures vanquished.

Vanquished Creatures (others)
  An ice beast zombie (D:4)
  A hound zombie (D:6)
  3 gnoll zombies (D:4)
  A kobold zombie (D:4)
6 creatures vanquished.

Grand Total: 104 creatures vanquished

Notes
Turn   | Place    | Note
-------+----------+-------------------------------------------
     0 | D:1      | hakon861 the Deep Elf Necromancer began the quest for the
                  | Orb.
     0 | D:1      | Reached XP level 1. HP: 10/10 MP: 6/6
    89 | D:1      | Reached skill level 5 in Necromancy
   253 | D:1      | Found Didykex's Book Boutique.
   547 | D:1      | Reached XP level 2. HP: 15/15 MP: 6/8
  1392 | D:2      | Reached XP level 3. HP: 19/19 MP: 6/10
  1427 | D:2      | Learned a level 2 spell: Sublimation of Blood
  1430 | D:2      | Learned a level 2 spell: Call Imp
  1434 | D:2      | Learned a level 3 spell: Vampiric Draining
  2607 | D:3      | Found a shimmering altar of Xom.
  2642 | D:3      | Became a worshipper of Xom of Chaos
  2905 | D:3      | XOM: silly message
  2976 | D:3      | XOM: divination: magic mapping
  3023 | D:3      | Found a blossoming altar of Fedhas.
  3052 | D:3      | Reached skill level 1 in Summonings
  3052 | D:3      | Reached XP level 4. HP: 22/24 MP: 7/12
  3238 | D:3      | XOM: silly message
  3334 | D:3      | Reached skill level 5 in Spellcasting
  3334 | D:3      | Reached XP level 5. HP: 10/28 MP: 2/14
  3448 | D:3      | Learned a level 4 spell: Animate Dead
  3451 | D:3      | Learned a level 2 spell: Searing Ray
  3635 | D:4      | Found a staircase to the Ecumenical Temple.
  3635 | D:4      | XOM: 5-stop teleportation journey
  3909 | D:4      | Noticed an ice beast
  3925 | D:4      | Killed an ice beast
  3926 | D:4      | Reached XP level 6. HP: 32/32 MP: 9/17
  3988 | D:4      | XOM: stat loss: -1 Int (27/28)
  4444 | D:4      | XOM is BORED!
  4444 | D:4      | XOM: stat loss: -3 Dex (12/15)
  4556 | D:4      | XOM: smoke on damage
  4558 | D:4      | XOM: 3-stop teleportation journey
  4760 | D:4      | XOM: give mutations
  4760 | D:4      | Gained mutation: Your flesh is heat resistant. (rF+) [Xom's
                  | mischief]
  4760 | D:4      | Gained mutation: You occasionally shout uncontrollably at
                  | your foes. [Xom's mischief]
  4818 | D:4      | XOM: 2-stop teleportation journey
  4854 | D:4      | XOM: polymorph adder -> quokka
  4913 | D:4      | Reached XP level 7. HP: 22/36 MP: 11/19
  4913 | D:4      | XOM: scenery: 2 doors close
  5348 | D:4      | XOM: god gift: wand of acid (5)
  5430 | D:4      | XOM: divination: magic mapping
  5437 | D:5      | Entered Level 5 of the Dungeon
  5444 | D:5      | XOM: scenery: summon butterflies
  5445 | D:5      | XOM: confuse monster(s)
  5447 | D:5      | XOM: confuse monster(s)
  5458 | D:5      | Reached skill level 5 in Summonings
  5484 | D:5      | XOM: enchant monster (good)
  5537 | D:5      | Identified the +1 ring mail of the Sun {rPois}
  5561 | D:5      | XOM: god gift: longbow {god gift}
  5759 | D:5      | Found a burning altar of Makhleb.
  5858 | D:5      | Found Kufa's Magic Scroll Boutique.
  6095 | D:6      | Reached XP level 8. HP: 17/41 MP: 14/20
  6148 | D:6      | XOM: 5-stop teleportation journey
  6211 | D:6      | Found a runed translucent door.
  6221 | D:6      | Noticed Vontreibholz's ghost (novice MiFi)
  6234 | D:6      | XOM: destruction
  6236 | D:6      | Slain by Vontreibholz's ghost

Illustrated notes

Levels and vault maps discovered:
D:1:      minmay_arrival_shattered_statue, layout_basic, serial_shops,
          nicolae_book_shop_shelving, minmay_misc_feat_four_crosses
D:2:      layout_rooms
D:3:      layout_basic, fedhas_ov_isle_minmay, xom_teletrap_fun,
          serial_bayou_pond_d, nicolae_figureground_pulse
D:4:      layout_basic, minmay_temple_entry_purple_smoke, minmay_mini_jars
D:5:      layout_gridville, mainiacjoe_overflow_24_doors, serial_shops,
          nicolae_shop_window_shopping, chequers_mini_garden,
          nicolae_zen_rock_garden, kennysheep_another_room,
          kennysheep_generic_room_12
D:6:      layout_basic, cheibrodos_worm_habitat, ebering_ghost_sewer_d

Skill      XL: |  1  2  3  4  5  6  7  8 |
---------------+-------------------------+-----
Necromancy     | 5 6 7 |  7.1
Spellcasting   | 4 5 6 7 |  7.1
Summonings     | 1 2 3 4 7 |  7.8
Dodging        | |  2.4
Stealth        | |  2.4
Conjurations   | |  0.5
Evocations     | |  0.1

Action                     |  1- 3 |  4- 6 |  7- 9 || total
---------------------------+-------+-------+-------++-------
  Melee: Dagger            |     3 |    10 |       ||    13
         Spear             |       |     4 |    22 ||    26
   Cast: Necrotise         |    56 |    53 |    46 ||   155
         Call Imp          |    16 |    16 |     6 ||    38
         Sublimation of Bl |     2 |     3 |       ||     5
         Vampiric Draining |       |     8 |       ||     8
         Searing Ray       |       |     4 |       ||     4
         Animate Dead      |       |     3 |     3 ||     6
  Evoke: Wand              |       |       |     2 ||     2
    Use: Scroll            |     8 |       |       ||     8
         Potion            |     1 |     2 |       ||     3
   Stab: Distracted        |       |     1 |       ||     1
         Confused          |       |       |     1 ||     1
 Armour: Robe              |     6 |    31 |    21 ||    58
  Dodge: Dodged            |    22 |    60 |    47 ||   129

Table legend: (Time is in decaauts)
 A = Elapsed time spent in this place.
 B = Non-inter-level travel time spent in this place.
 C = Inter-level travel time spent in this place.
 D = Time resting spent in this place.
 E = Time spent auto-exploring this place.
 F = Levels seen in this place.
 G = Mean time per level.
                   A        B        C        D        E       F      G
               +--------+--------+--------+--------+--------+-----+--------+
         Total |   6247 |   6247 |      0 |   1797 |   2891 |   6 | 1041.2 |
       Dungeon |   6247 |   6247 |      0 |   1797 |   2891 |   6 | 1041.2 |
               +--------+--------+--------+--------+--------+-----+--------+

Top non-repeatable levels by time:
     D:4: 1847 daAuts
     D:2: 1417 daAuts
     D:3: 1226 daAuts
     D:1: 957 daAuts
     D:5: 638 daAuts
     D:6: 160 daAuts
